 Dungeon Crawl Stone Soup version 0.29.1-13-g9f3cf754e1 (webtiles) character file.

Game seed: 15733343974711772714

129 growler the Insei (level 5, -4/33 HPs)
             Began as an Octopode Transmuter on Feb 8, 2023.
             Splashed by a jelly's acid (5 damage)
             ... in a sewer.
             The game lasted 00:03:07 (3041 turns).

growler the Insei (Octopode Transmuter)             Turns: 3041, Time: 00:03:08

Health: -4/33      AC: -3    Str: 11    XL:     5   Next: 12%
Magic:  9/9        EV: 13    Int: 16    God:
Gold:   139        SH:  0    Dex: 12    Spells: 6/10 levels left

rFire   . . .      SeeInvis .     - Unarmed
rCold   . . .      Faith    .   (no shield)
rNeg    . . .      Spirit   .   (helmet restricted)
rPois   .          Reflect  .   (no amulet)
rElec   .          Harm     .   (no ring)
rCorr   .          Rampage  .   (no ring)
Will    .....                   (no ring)
Stlth   ++........              (no ring)
HPRegen 0.11/turn               (no ring)
MPRegen 0.11/turn               (no ring)
                                (no ring)
                                (no ring)

@: corroded
A: almost no armour, amphibious, 8 rings, camouflage 1, gelatinous body 1,
(nimble swimmer 1), tentacles
a: no special abilities


You were in a sewer.
You visited 1 branch of the dungeon, and saw 3 of its levels.
You also visited: Sewer.

You collected 139 gold pieces.

Inventory:

Missiles
 g - a throwing net
Scrolls
 b - 2 scrolls of teleportation {unknown}
 c - a scroll of vulnerability {unknown}
 e - a scroll of identify {unknown}
 h - a scroll of enchant armour {unknown}
 i - a scroll of brand weapon {unknown}
 k - a scroll of noise {unknown}
Potions
 a - a potion of lignification
 d - a potion of heal wounds {unknown}
 f - a potion of might {unknown}
 j - 2 potions of degeneration {unknown}


   Skills:
 - Level 1.0 Fighting
 - Level 2.0 Dodging
 + Level 4.0 Unarmed Combat
 + Level 3.1 Spellcasting
 + Level 3.3 Transmutations


You had 6 spell levels left.
You knew the following spells:

 Your Spells              Type           Power      Damage    Failure   Level
a - Beastly Appendage     Tmut           26%        N/A       4%          1
b - Spider Form           Tmut/Pois      7%         N/A       28%         3

Your spell library contained the following spells:

 Spells                   Type           Power      Damage    Failure   Level
 Wereblood                Tmut           13%        N/A       7%          2
 Ice Form                 Ice/Tmut       7%         N/A       67%         4


Dungeon Overview and Level Annotations

Branches:
Dungeon (3/15)              Sewer (1/1)

Altars:
Hepliaklqana


Innate Abilities, Weirdness & Mutations

You cannot wear most types of armour.
You are amphibious.
You can wear up to eight rings at the same time.
Your skin changes colour to match your surroundings (Stealth+).
Your rubbery body absorbs attacks. (AC +1, EV +1)
((You are camouflaged when in or above water. (Stealth+)))
You have tentacles for arms and can constrict up to eight enemies at once.


Message History

The endoplasm freezes you.
You are frozen.
You tentacle-slap the endoplasm.
The endoplasm is moderately wounded.
The endoplasm barely misses you.
You barely miss the endoplasm.
The endoplasm is moderately wounded.
The endoplasm freezes you.
You are frozen.
You tentacle-slap the endoplasm but do no damage.
You squeeze the endoplasm.
You kill the endoplasm!
An adder comes into view.
Found a trident and 2 scrolls labelled XARGHA ZAUQA.
A jelly comes into view.
The adder hisses angrily.
The adder closely misses you.
The jelly quivers.
You tentacle-slap the adder. You grab the adder.
The adder is moderately wounded.
You constrict the adder. The adder barely misses you.
You barely miss the adder.
The adder is heavily wounded.
You constrict the adder.
The jelly jiggles.
The adder misses you.
You tentacle-slap the adder. You squeeze the adder.
You kill the adder!
You barely miss the jelly. The jelly hits you.
You are splashed with acid!
You tentacle-slap the jelly.
Your tentacles burn!
The jelly is moderately wounded.
The jelly hits you. The acid corrodes you!
You are splashed with acid!
* * * LOW HITPOINT WARNING * * *
You tentacle-slap the jelly but do no damage.
Your tentacles burn!
* * * LOW HITPOINT WARNING * * *
The jelly is moderately wounded.
The jelly closely misses you.
You tentacle-slap the jelly.
Your tentacles burn!
You die...

###### ###
~..~.#### ##~.##
....~~..##?)#~.~.##
####..~.~#~~~.~J@~#
###~..##..~##..#
##~~.## ##~~.#
#~.~.###~..##
##~.~~~~~~## ###
##~.....## ..#
##...~~~~# ..#
#.~.~.~~..# .~#
#...#.~~...~#


You could see a jelly.

Vanquished Creatures
  A river rat (Sewer)
  4 adders
  5 worms
  A dart slug (D:2)
  6 ball pythons
  8 endoplasms
  4 giant cockroaches
  2 goblins (D:1)
  5 hobgoblins
  10 jackals
  2 quokkas (D:2)
  4 bats
  2 frilled lizards
  6 kobolds
  3 rats
63 creatures vanquished.

Notes
Turn   | Place    | Note
-------+----------+-------------------------------------------
     0 | D:1      | growler the Octopode Transmuter began the quest for the
                  | Orb.
     0 | D:1      | Reached XP level 1. HP: 13/13 MP: 3/3
    99 | D:1      | Reached XP level 2. HP: 6/18 MP: 5/5
   526 | D:1      | Found a faded altar of an unknown god.
   776 | D:1      | Reached XP level 3. HP: 14/23 MP: 6/6
  1876 | D:2      | Reached XP level 4. HP: 27/28 MP: 8/8
  2632 | D:3      | Learned a level 3 spell: Spider Form
  2636 | D:3      | Found a hazy altar of Hepliaklqana.
  2652 | D:3      | Found a glowing drain.
  2703 | Sewer    | Entered a sewer
  3021 | Sewer    | Reached skill level 4 in Unarmed Combat
  3021 | Sewer    | Reached XP level 5. HP: 32/33 MP: 9/9
  3040 | Sewer    | HP: 1/33 [acid (4)]
  3041 | Sewer    | Splashed by a jelly's acid

Illustrated notes

Levels and vault maps discovered:
D:1:      minmay_arrival_checkered_box, layout_basic,
          shapermc_ecumenical_altar_acropolis, serial_park_tiny_2
D:2:      layout_basic
D:3:      layout_basic, lemuel_round_altar, mainiacjoe_overflow_brackets,
          gammafunk_ghost_stat_death, cheibrodos_sewer_entry_bend, st_stairs_4,
          uniq_ijyb
Sewer:    sewer_hellmonk_slimy_pipes

Skill      XL: |  1  2  3  4 |
---------------+-------------+-----
Transmutations | 3 |  3.3
Spellcasting   | 3 |  3.1
Unarmed Combat | 4 |  4.0
Fighting       | |  1.0
Dodging        | |  2.0

Action                   |  1- 3 |  4- 6 || total
-------------------------+-------+-------++-------
Melee: Unarmed           |    78 |    70 ||   148
       Constrict         |    26 |    12 ||    38
       Tentacles         |    18 |    14 ||    32
       Punch             |     4 |     2 ||     6
       Kick              |     2 |     5 ||     7
 Cast: Beastly Appendage |     3 |     3 ||     6
 Stab: Sleeping          |     2 |     2 ||     4
       Distracted        |     1 |       ||     1
Armor: Skin              |     8 |     3 ||    11
Dodge: Dodged            |    72 |    37 ||   109
